 Dungeon Crawl Stone Soup version 0.20.0-15-g7f486f2 (webtiles) character file.

1179 esteth the Geomancer (level 8, 0/66 HPs)
             Began as a Gargoyle Earth Elementalist on June 14, 2017.
             Slain by an orc warrior
             ... wielding a +0 trident
              (6 damage)
             ... on level 4 of the Dungeon.
             The game lasted 00:14:11 (7435 turns).

esteth the Geomancer (Gargoyle Earth Elementalist)  Turns: 7435, Time: 00:14:12

Health: 0/66       AC:  9    Str: 15 (17) XL:     8   Next: 42%
Magic:  11/11      EV: 12    Int: 15 (18) God:
Gold:   140        SH:  0    Dex:  7 (10) Spells: 6/12 levels left

rFire    + . .     SeeInvis .   s - +3 club
rCold    + . .     Gourm    .   (no shield)
rNeg     + . .     Faith    .   c - +1 robe
rPois    ∞         Spirit   .   t - +1 hat
rElec    +         Reflect  .   (no cloak)
rCorr    +         Harm     .   (no gloves)
MR       .....                  (no boots)
Stlth    ..........             (no amulet)
Regen    0.3/turn               (no ring)
MPRegen  0.2/turn               (no ring)

@: berserking (expiring), resistant, very quick
A: negative energy resistance 1, electricity resistance, unbreathing,
petrification resistance, rot immunity, AC +5
a: no special abilities


You were on level 4 of the Dungeon.
You were hungry.

You visited 2 branches of the dungeon, and saw 6 of its levels.

You collected 140 gold pieces.

Inventory:

Hand Weapons
 l - a +0 mace
 s - a +3 club (weapon)
Missiles
 b - 60 stones (quivered)
Armour
 c - a +1 robe (worn)
 t - a +1 hat (worn)
 x - a +0 pair of gloves
Magical Staves
 C - an uncursed staff of poison
Wands
 i - a wand of iceblast (3/15)
 y - a wand of confusion (21/48)
Scrolls
 h - 3 scrolls of teleportation
 m - 2 scrolls of immolation
 q - 3 scrolls of fear
 r - 2 scrolls of identify
 v - a scroll of noise {unknown}
 w - a scroll of blinking {unknown}
 A - a scroll of enchant armour
 B - 2 scrolls of amnesia {unknown}
 D - a scroll of brand weapon {unknown}
Potions
 f - a potion of degeneration
 o - 2 potions of curing {unknown}
 p - a potion of flight {unknown}
 u - a potion of cancellation {unknown}
 z - a potion of brilliance {unknown}
Books
 e - a book of Geomancy

   Spells                             Type                      Level
   a - Sandblast                      Earth                        1
   b - Passwall                       Transmutation/Earth          2
   c - Stone Arrow                    Conjuration/Earth            3
   d - Petrify                        Transmutation/Earth          4
   e - Lee's Rapid Deconstruction     Earth                        5
Comestibles
 a - 4 royal jellies
 d - 2 bread rations
 k - 2 meat rations


   Skills:
 + Level 1.9 Fighting
 + Level 1.6 Maces & Flails
 + Level 1.8 Armour
 - Level 1.5 Dodging
 - Level 2.1 Stealth
 + Level 2.5 Spellcasting
   Level 0.7 Transmutations
 - Level 11.1 Earth Magic


You had 6 spell levels left.
You knew the following spells:

 Your Spells              Type           Power        Failure   Level  Hunger
a - Sandblast             Erth           #####.       1%          1    #......
b - Lee's Rapid Deconstr  Erth           #####.....   6%          5    ######.


Dungeon Overview and Level Annotations

Branches:
Dungeon (5/15)             Temple (1/1) D:5

Altars:
Cheibriados
Dithmenos
Elyvilon
Fedhas
Hepliaklqana
Kikubaaqudgha
Nemelex Xobeh
Ru
Sif Muna
Trog
Uskayaw
Yredelemnul
Zin
The Shining One

Shops:
D:5 [

Annotations:
D:2 Sigmund
D:4 Edmund, Robin
D:5 Prince Ribbit


Innate Abilities, Weirdness & Mutations

You are resistant to torment.
Your stone body is resilient. (AC +5)
You are immune to poison.
You resist negative energy. (rN+)
You are resistant to electric shocks. (rElec)
You can survive without breathing.
You are immune to petrification.
You are immune to rotting.


Message History

A hound comes into view.
You hit the orc warrior.
The orc warrior is heavily wounded.
The orc priest looks braver for a moment.
The orc wizard hits you with a dagger.
* * * LOW HITPOINT WARNING * * *
The orc warrior hits you with a trident.
* * * LOW HITPOINT WARNING * * *
You thump the orc warrior!
The orc warrior is severely wounded.
The orc priest looks satisfied for a moment.
You hit the orc warrior.
The orc warrior is severely wounded.
The orc wizard hits you but does no damage.
The orc warrior hits you but does no damage.
You barely miss the orc warrior.
The orc warrior is severely wounded.
The orc wizard barely misses you.
The orc warrior hits you with a trident.
You die...

#...............oo).#
##################+##
..............(().#
..............(.÷##
.........o.......#
.......o........#
..h...........#
#o######....##
#o@..#######.# ##
#+## #............# #
.# ....
#...........## ## #
..... #..(.........#
#. ##.....
#............# #.
......o
#............# #.
.......
#.....######## ##
....... #.....##...#
# # #.......>..# #


You could see an orc warrior, a hound and an orc wizard.

Vanquished Creatures
  Grinder (D:4)
  An ogre (D:4)
  A sky beast (D:5)
  2 ice beasts (D:5)
  A centaur (D:5)
  A scorpion (D:5)
  A crimson imp (D:5)
  A hound (D:4)
  A bullfrog skeleton (D:5)
  A centaur skeleton (D:4)
  An orc priest (D:5)
  3 orc wizards
  Terence (D:3)
  Ijyb (D:3)
  2 worker ants
  A hound skeleton (D:5)
  5 adders
  4 worms
  A leopard gecko (D:4)
  11 orcs
  5 giant cockroaches
  19 goblins
  7 hobgoblins
  3 jackals
  2 quokkas
  3 ball pythons
  6 bats
  7 frilled lizards
  7 kobolds
  A quokka zombie (D:5)
  4 rats
105 creatures vanquished.

Notes
Turn   | Place    | Note
-------+----------+-------------------------------------------
     0 | D:1      | esteth the Gargoyle Earth Elementalist began the quest for the Orb.
     0 | D:1      | Reached XP level 1. HP: 10/10 MP: 3/3
   162 | D:1      | Reached skill level 4 in Earth Magic
   393 | D:1      | Reached XP level 2. HP: 5/15 MP: 1/5
  1332 | D:1      | Reached XP level 3. HP: 19/19 MP: 6/6
  1363 | D:1      | Reached skill level 5 in Earth Magic
  2440 | D:2      | Noticed Sigmund
  2734 | D:3      | Found a hazy altar of Hepliaklqana.
  2734 | D:3      | Found a glowing golden altar of the Shining One.
  2754 | D:3      | Noticed a hand axe
  2755 | D:3      | Found a hide-covered altar of Uskayaw.
  2756 | D:3      | Noticed a dagger
  2778 | D:3      | Reached XP level 4. HP: 16/24 MP: 7/7
  3060 | D:3      | Noticed Ijyb
  3069 | D:3      | Killed Ijyb
  3069 | D:3      | Reached skill level 6 in Earth Magic
  3277 | D:3      | Noticed Terence
  3283 | D:3      | Killed Terence
  3283 | D:3      | Reached XP level 5. HP: 24/28 MP: 4/8
  3324 | D:3      | Learned a level 5 spell: Lee's Rapid Deconstruction
  3442 | D:3      | Found a sparkling altar of Nemelex Xobeh.
  3750 | D:3      | Reached skill level 7 in Earth Magic
  3851 | D:3      | Found a deep blue altar of Sif Muna.
  4234 | D:4      | Noticed Edmund
  4526 | D:4      | Noticed an ogre
  4529 | D:4      | Killed an ogre
  4529 | D:4      | Reached skill level 8 in Earth Magic
  4529 | D:4      | Reached XP level 6. HP: 32/32 MP: 6/9
  4844 | D:4      | Noticed Grinder
  4855 | D:4      | Paralysed by Grinder for 4 turns
  4861 | D:4      | Killed Grinder
  4861 | D:4      | Reached skill level 9 in Earth Magic
  4861 | D:4      | Reached XP level 7. HP: 22/36 MP: 4/10
  5183 | D:4      | Noticed Robin
  5320 | D:5      | Entered Level 5 of the Dungeon
  5541 | D:5      | Reached skill level 10 in Earth Magic
  5711 | D:5      | Reached skill level 11 in Earth Magic
  5711 | D:5      | Reached XP level 8. HP: 38/41 MP: 8/11
  6026 | D:5      | Noticed Prince Ribbit
  6034 | D:5      | Found Womurgh's Armour Boutique.
  6037 | D:5      | Reached skill level 1 in Armour
  6044 | D:5      | Reached skill level 1 in Maces & Flails
  6184 | D:5      | Found a deep blue altar of Sif Muna.
  6407 | D:5      | Reached skill level 1 in Fighting
  7233 | D:5      | Found a staircase to the Ecumenical Temple.
  7238 | Temple   | Entered the Ecumenical Temple
  7435 | D:4      | Slain by an orc warrior

Skill      XL: |  1  2  3  4  5  6  7  8 |
---------------+-------------------------+-----
Earth Magic    | 4 5 6 8 9 11 | 11.1
Armour         | 1 |  1.8
Maces & Flails | 1 |  1.6
Fighting       | 1 |  1.9
Dodging        | |  1.5
Stealth        | |  2.1
Spellcasting   | |  2.5
Transmutations | |  0.7

Action                   |  1- 3 |  4- 6 |  7- 9 || total
-------------------------+-------+-------+-------++-------
Melee: Unarmed           |    29 |       |       ||    29
       Mace              |   130 |    18 |       ||   148
       Club              |       |    74 |   110 ||   184
 Cast: Sandblast         |     8 |    24 |    27 ||    59
       Lee's Rapid Decon |       |       |     5 ||     5
  Use: Scroll            |     3 |       |     3 ||     6
       Potion            |       |       |     4 ||     4
 Stab: Sleeping          |     7 |     1 |     2 ||    10
       Distracted        |       |     1 |       ||     1
  Eat: Chunk             |     6 |     7 |    10 ||    23
Armor: Robe              |    73 |    41 |    66 ||   180
Dodge: Dodged            |   130 |    60 |    85 ||   275
